 Dungeon Crawl Stone Soup version 0.25-a0-663-gace7076f2c (webtiles) character file.

Game seed: 7023157304433191544, levelgen mode: deterministic

146 Esekla the Stinger (level 5, -1/33 HPs)
             Began as an Octopode Venom Mage on Mar 24, 2020.
             Was an Initiate of Ashenzari.
             Slain by an iguana (12 damage)
             ... on level 4 of the Dungeon.
             The game lasted 00:19:47 (2468 turns).

Esekla the Stinger (Octopode Venom Mage)            Turns: 2468, Time: 00:19:48

Health: -1/33      AC:  1    Str:  8    XL:     5   Next: 28%
Magic:  5/9        EV: 13    Int: 18    God:    Ashenzari [......]
Gold:   116        SH:  3    Dex: 12    Spells: 3/9 levels left

rFire    . . .     SeeInvis .   c - +0 dagger
rCold    . . .     Gourm    .   d - +0 buckler
rNeg     . . .     Faith    .   (helmet restricted)
rPois    .         Spirit   .   (no amulet)
rElec    .         Reflect  .   j - ring of stealth
rCorr    .         Harm     .   (no ring)
MR       .....                  (no ring)
Stlth    ++++......             (no ring)
HPRegen  0.11/turn              (no ring)
MPRegen  0.11/turn              (no ring)
                                (no ring)
                                (no ring)

@: no status effects
A: almost no armour, stealthy swim, amphibious, 8 rings, constrict 8, camouflage
1, gelatinous body 1
a: Curse Item, Renounce Religion


You were on level 4 of the Dungeon.
You worshipped Ashenzari.
Ashenzari was noncommittal.
You were not hungry.

You visited 1 branch of the dungeon, and saw 4 of its levels.

You collected 116 gold pieces.

Inventory:

Hand Weapons
 c - a +0 dagger (weapon)
 r - a +0 dagger of venom
Missiles
 l - 13 poisoned darts (quivered)
 s - 6 curare-tipped darts
Armour
 d - a +0 buckler (worn)
Jewellery
 j - a ring of stealth (left tentacle)
 k - a +3 ring of intelligence
Wands
 u - a wand of flame (18)
Scrolls
 a - 4 scrolls of identify {unknown}
 e - a scroll of fog {unknown}
 g - a scroll of enchant armour {unknown}
 i - a scroll of blinking {unknown}
 n - a scroll of remove curse
 t - a scroll of teleportation {unknown}
Potions
 f - a potion of degeneration {unknown}
 h - 3 potions of mutation {unknown}
 m - a potion of cancellation {unknown}
 o - 2 potions of flight {unknown}
 p - a potion of heal wounds {unknown}
 q - 2 potions of curing {unknown}
 v - a potion of resistance {unknown}
Comestibles
 b - 9 rations


   Skills:
 * Level 1.6 Fighting
 + Level 0.9 Short Blades
 * Level 2.7 Dodging
 + Level 2.9 Stealth
 * Level 1.0 Shields
 * Level 2.8 Spellcasting
 * Level 0.9 Conjurations
 - Level 1.0 Transmutations
 * Level 1.2 Air Magic
 + Level 4.2 Poison Magic


You had 3 spell levels left.
You knew the following spells:

 Your Spells              Type           Power        Failure   Level  Hunger
a - Sting                 Tmut/Pois      ##..         9%          1    None
c - Mephitic Cloud        Conj/Pois/Air  ##......     30%         3    ###....
v - Poisonous Vapours     Pois/Air       ##....       12%         2    ##.....

Your spell library contained the following spells:

 Spells                   Type           Power        Failure   Level  Hunger
 Ignite Poison            Fire/Tmut/Pois #.......     34%         3    ###....
 Olgreb's Toxic Radiance  Pois           ###.....     38%         4    ####...


Dungeon Overview and Level Annotations

Branches:
Dungeon (4/15)
 Temple: D:4-7

Altars:
Ashenzari
Dithmenos
Gozag
Kikubaaqudgha
Nemelex Xobeh
Trog


Innate Abilities, Weirdness & Mutations

You cannot wear most types of armour.
You are very stealthy in the water. (Stealth+)
You are amphibious.
You can wear up to eight rings at the same time.
You can use your tentacles to constrict eight enemies at once.
Your skin changes colour to match your surroundings (Stealth+).
Your rubbery body absorbs attacks. (AC +1, EV +1)


Message History

Your Shields skill increases to level 1!
The helpless iguana fails to defend itself.
You puncture the iguana! Your grab misses the iguana.
The iguana is heavily wounded.
Casting: Poisonous Vapours (safe; 12% risk of failure)
Confirm with . or Enter, or press ? or * to list all spells.
Aiming: Poisonous Vapours (safe; 12% risk of failure)
Press: ? - help, Dir - move target cursor, f - iguana
Aim: an iguana (heavily wounded) Poisonous vapours surround the iguana!
The iguana is engulfed in poison gas.
The iguana is poisoned.
The iguana bites you!
You hit the iguana but do no damage. Your grab misses the iguana.
Your squeeze misses the iguana.
The iguana is severely wounded.
The iguana barely misses you. The iguana bites you!
You hit the iguana but do no damage. You grab the iguana.
The iguana is severely wounded.
You constrict the iguana, but do no damage.
The iguana bites you!
You die...

#### #
...# .#
#.. .#
#.## #.#
#..##..#
#....#
#<.@l#
#...##
#....#
#.?..#
#......#
..#####...
..# ##..
#. ##. #


You could see an iguana.

Vanquished Creatures
  A worker ant (D:4)
  3 adders (D:3)
  3 worms (D:2)
  3 dart slugs
  3 leopard geckos
  2 orcs (D:3)
  8 bats
  2 giant cockroaches
  10 goblins
  13 hobgoblins
  4 jackals (D:3)
  9 kobolds
  A ball python (D:1)
  3 frilled lizards
  5 rats
70 creatures vanquished.

Notes
Turn   | Place    | Note
-------+----------+-------------------------------------------
     0 | D:1      | Esekla the Octopode Venom Mage began the quest for the Orb.
     0 | D:1      | Reached XP level 1. HP: 11/11 MP: 3/3
   170 | D:1      | Found a shattered altar of Ashenzari.
   179 | D:1      | Reached XP level 2. HP: 16/17 MP: 5/5
   189 | D:1      | Learned a level 2 spell: Poisonous Vapours
   203 | D:1      | Became a worshipper of Ashenzari the Shackled
   455 | D:1      | Reached XP level 3. HP: 22/22 MP: 3/6
   625 | D:1      | Reached skill level 4 in Poison Magic
   818 | D:2      | Found a shadowy altar of Dithmenos.
   844 | D:2      | Learned a level 3 spell: Mephitic Cloud
  1227 | D:2      | Found a sparkling altar of Nemelex Xobeh.
  1228 | D:2      | Found a bloodstained altar of Trog.
  1230 | D:2      | Found an ancient bone altar of Kikubaaqudgha.
  1314 | D:2      | Reached skill level 1 in Fighting
  1628 | D:2      | Reached XP level 4. HP: 27/28 MP: 7/7
  2249 | D:3      | Reached skill level 1 in Air Magic
  2316 | D:3      | Reached XP level 5. HP: 31/33 MP: 6/9
  2352 | D:3      | Found an opulent altar of Gozag.
  2462 | D:4      | Reached skill level 1 in Shields
  2468 | D:4      | Slain by an iguana

Levels and vault maps discovered:
D:1:      onia_arrival_pentagram, layout_basic, evilmike_ruin_ashenzari
D:2:      layout_basic, nicolae_dithmenos_through_a_glass_darkly,
          gammafunk_temple_overflow_forgotten, first_ration,
          minmay_pentomino_pile
D:3:      layout_rooms, nicolae_gozag_seed_capital
D:4:      layout_layer_cave, overflow_temple_1_default, grunt_decor_one_mirror,
          fedhas_ov_isle_minmay

Skill      XL: |  1  2  3  4  5 |
---------------+----------------+-----
Poison Magic   | 4 |  4.2
Fighting       | 1 |  1.6
Air Magic      | 1 |  1.2
Shields        | 1 |  1.0
Short Blades   | |  0.9
Dodging        | |  2.7
Stealth        | |  2.9
Spellcasting   | |  2.8
Conjurations   | |  0.9
Transmutations | |  1.0

Action                   |  1- 3 |  4- 6 || total
-------------------------+-------+-------++-------
Melee: Dagger            |    77 |    48 ||   125
       Unarmed           |     3 |       ||     3
       Constrict         |    27 |    15 ||    42
       Tentacles         |    17 |     8 ||    25
 Cast: Sting             |     8 |       ||     8
       Poisonous Vapours |    12 |    22 ||    34
       Mephitic Cloud    |     1 |       ||     1
 Stab: Sleeping          |     5 |     6 ||    11
  Eat: Chunk             |     3 |     5 ||     8
Armor: Skin              |     3 |     4 ||     7
Dodge: Dodged            |    38 |    30 ||    68
Block: Buckler           |    11 |     9 ||    20

Table legend:
 A = Non-vault XP
 B = Vault XP
 C = Vault XP percentage of total XP
 D = Non-vault monster count
 E = Vault monster count
 F = Vault count percentage of total count
                 A         B        C        D         E       F
            +---------+---------+-------+---------+---------+-------
      Total |     198 |      11 |   5.3 |      65 |       5 |   7.1
            +---------+---------+-------+---------+---------+-------
        D:1 |      42 |       0 |   0.0 |      23 |       0 |   0.0
        D:2 |      46 |      11 |  19.3 |      19 |       5 |  20.8
        D:3 |      76 |       0 |   0.0 |      22 |       0 |   0.0
        D:4 |      34 |       0 |   0.0 |       1 |       0 |   0.0
            +---------+---------+-------+---------+---------+-------
